 Dungeon Crawl Stone Soup version 0.27-a0-760-gc38aae387d (webtiles) character file.

Game seed: 553888354529743927

744 polve the Chopper (level 7, -3/96 HPs)
             Began as a Hill Orc Berserker on Mar 24, 2021.
             Was a Priest of Trog.
             Slain by Duvessa
             ... wielding a +0 short sword
              (9 damage)
             ... on level 5 of the Dungeon.
             The game lasted 00:02:29 (5089 turns).

polve the Chopper (Hill Orc Berserker)              Turns: 5089, Time: 00:02:30

Health: -3/96      AC:  7    Str: 20    XL:     7   Next: 76%
Magic:  7/7        EV: 10    Int:  7    God:    Trog [***...]
Gold:   230        SH:  0    Dex: 12    Spells: 6/6 levels left

rFire    + . .     SeeInvis .   a - +0 hand axe
rCold    . . .     Faith    .   (no shield)
rNeg     . . .     Spirit   .   e - +0 scale mail
rPois    .         Reflect  .   (no helmet)
rElec    .         Harm     .   (no cloak)
rCorr    .         Rampage  .   (no gloves)
Will     .....                  (no boots)
Stlth    ..........             (no amulet)
HPRegen  0.26/turn              i - ring of protection from fire
MPRegen  0.10/turn              o - ring of flight

@: berserking (expiring), lethally poisoned (-3 -> -9), coronaed, glowing, very
quick
A: no striking features
a: Renounce Religion, Evoke Flight, Berserk, Trog's Hand


You were on level 5 of the Dungeon.
You worshipped Trog.
Trog was most pleased with you.
You visited 1 branch of the dungeon, and saw 5 of its levels.

You collected 230 gold pieces.

Inventory:

Hand Weapons
 a - a +0 hand axe (weapon)
Armour
 e - a +0 scale mail (worn)
 q - a +0 helmet
Jewellery
 i - a ring of protection from fire (right hand)
 o - a ring of flight (left hand)
Scrolls
 b - 4 scrolls of fear {unknown}
 c - a scroll of brand weapon {unknown}
 f - 2 scrolls of identify {unknown}
 h - 2 scrolls of holy word {unknown}
 j - a scroll of amnesia {unknown}
 l - a scroll of enchant weapon {unknown}
 m - 2 scrolls of fog {unknown}
Potions
 d - 2 potions of lignification {unknown}
 g - a potion of heal wounds {unknown}
 k - a potion of cancellation {unknown}
 n - a potion of mutation {unknown}
 p - a potion of ambrosia {unknown}


   Skills:
 * Level 6.7 Fighting
 * Level 7.5 Axes
 + Level 4.3 Armour
 + Level 3.1 Dodging


You had 6 spell levels left.
You didn't know any spells.
Your spell library was empty.

Dungeon Overview and Level Annotations

Branches:
Dungeon (5/15)             Temple (0/1) D:5

Altars:
Uskayaw

Shops:
D:1 (

Annotations:
D:5 Dowan, Duvessa, Prince Ribbit


Message History

Duvessa is heavily wounded.
You completely miss the water moccasin. You completely miss Dowan.
Duvessa barely misses you. The water moccasin barely misses you.
You completely miss the water moccasin.
The water moccasin is severely wounded.
You barely miss Duvessa. You hit Dowan. Dowan hits you but does no damage.
Duvessa hits you with a +0 short sword.
The water moccasin bites you but does no damage.
You barely miss the water moccasin.
The water moccasin is severely wounded.
You slash Dowan!
Your scale mail prevents you from hitting Duvessa.
Prince Ribbit lets out a mournful croak.
You closely miss the water moccasin.
The water moccasin is severely wounded.
You completely miss Dowan. You hit Duvessa.
The water moccasin barely misses you.
Dowan drinks a potion.
Dowan is healed!
Prince Ribbit blinks!
Duvessa hits you with a +0 short sword!
* * * LOW HITPOINT WARNING * * *
You closely miss the water moccasin.
The water moccasin is severely wounded.
You hit Duvessa. You slash Dowan!
The water moccasin bites you but does no damage.
Dowan hits you but does no damage.
You barely miss the water moccasin.
The water moccasin is severely wounded.
You hit Duvessa. You hit Dowan. Duvessa barely misses you.
The water moccasin bites you!
* * * LOW HITPOINT WARNING * * *
You are poisoned.
The water moccasin poisons you!
Prince Ribbit blinks!
You closely miss the water moccasin.
The water moccasin is severely wounded.
You hit Duvessa but do no damage. You closely miss Dowan.
* * * LOW HITPOINT WARNING * * *
You feel extremely sick. Dowan casts a spell at you.
You are outlined in light.
The water moccasin closely misses you. Duvessa hits you with a +0 short sword!
You die...

#.##.#..#####.##
####.##.##>## #...
##.##........# #.. #
#####.#.##.#####.# #.).#
.....###.#.# #.# #...#
....## ##..# #.###....
.....###>#.# #...ยง....
......#.#..#####eS......
.....#.#......F.@e......
.....####.########.#...#
.....# #.# .# . ######
#.# ## #####.# .#
#.....# .####.#####
.#......# .#.##.#.#


You could see Prince Ribbit, Duvessa, a water moccasin and Dowan.

Vanquished Creatures
  The ghost of tilp the Insei, an amateur OpTm (D:4)
  2 ogres
  A bullfrog (D:4)
  A howler monkey (D:4)
  A jelly (D:4)
  2 worker ants
  An iguana (D:4)
  A gnoll (D:1)
  8 adders
  2 adder skeletons (D:4)
  2 worms
  3 dart slugs
  3 orcs (D:3)
  7 endoplasms
  2 giant cockroaches (D:1)
  11 goblins
  6 hobgoblins
  7 jackals
  2 quokkas
  2 ball pythons (D:3)
  9 bats
  4 frilled lizards (D:1)
  5 kobolds
  8 rats
91 creatures vanquished.

Notes
Turn   | Place    | Note
-------+----------+-------------------------------------------
     0 | D:1      | polve the Hill Orc Berserker began the quest for the Orb.
     0 | D:1      | Reached XP level 1. HP: 19/19 MP: 1/1
   189 | D:1      | Reached XP level 2. HP: 27/27 MP: 2/2
   382 | D:1      | Found Atsaoxir's Antique Weapon Shoppe.
   719 | D:1      | Reached XP level 3. HP: 30/33 MP: 3/3
  1415 | D:2      | Reached ** piety under Trog
  1523 | D:2      | Reached XP level 4. HP: 22/41 MP: 4/4
  1819 | D:2      | Reached skill level 5 in Axes
  2289 | D:3      | Noticed an ogre
  2294 | D:3      | Killed an ogre
  2295 | D:3      | Reached skill level 5 in Fighting
  2295 | D:3      | Reached XP level 5. HP: 48/48 MP: 5/5
  3334 | D:4      | Reached XP level 6. HP: 56/56 MP: 6/6
  3440 | D:4      | Found a runed translucent door.
  3444 | D:4      | Noticed tilp's ghost (amateur OpTm)
  3458 | D:4      | Reached skill level 6 in Axes
  3475 | D:4      | Killed tilp's ghost
  3476 | D:4      | Reached XP level 7. HP: 21/63 MP: 7/7
  3797 | D:4      | Reached skill level 7 in Axes
  4006 | D:4      | Found a hide-covered altar of Uskayaw.
  4085 | D:4      | Reached *** piety under Trog
  4749 | D:5      | Entered Level 5 of the Dungeon
  4806 | D:5      | Found a staircase to the Ecumenical Temple.
  5063 | D:5      | Noticed Prince Ribbit
  5066 | D:5      | Noticed Dowan
  5067 | D:5      | Noticed Duvessa
  5089 | D:5      | Slain by Duvessa

Illustrated notes

Levels and vault maps discovered:
D:1:      elethiomel_arrival_shortcut, layout_loops_ring, serial_shops, shop
D:2:      layout_basic, serial_rivers, chequers_serial_rivers_micro_b,
          chequers_serial_rivers_small_3, chequers_serial_rivers_room_a,
          chequers_serial_rivers_micro_e, chequers_serial_rivers_small_b
D:3:      layout_rooms, minmay_bisected
D:4:      lemuel_upstairs_altar, layout_basic, nicolae_overflow_hidden_temple,
          ebering_ghost_sewer_d
D:5:      layout_loops_cross, temple_statues, uniq_prince_ribbit1, uniq_duvessa

Skill      XL: |  1  2  3  4  5  6  7 |
---------------+----------------------+-----
Fighting       | 4 5 6 |  6.7
Axes           | 5 6 7 |  7.5
Armour         | 3 4 |  4.3
Dodging        | 2 3 |  3.1

Action                   |  1- 3 |  4- 6 |  7- 9 || total
-------------------------+-------+-------+-------++-------
Melee: Hand axe          |   120 |   127 |    88 ||   335
Invok: Berserk           |       |     2 |     2 ||     4
Armor: Scale mail        |    30 |    46 |    32 ||   108
       Animal skin       |     8 |       |       ||     8
Dodge: Dodged            |    78 |    65 |    45 ||   188

Table legend: (Time is in decaauts)
 A = Elapsed time spent in this place.
 B = Non-inter-level travel time spent in this place.
 C = Inter-level travel time spent in this place.
 D = Time resting spent in this place.
 E = Time spent auto-exploring this place.
 F = Levels seen in this place.
 G = Mean time per level.
                   A        B        C        D        E       F      G
               +--------+--------+--------+--------+--------+-----+--------+
         Total |   5129 |   5008 |    121 |      5 |   4383 |   5 | 1025.8 |
       Dungeon |   5129 |   5008 |    121 |      5 |   4383 |   5 | 1025.8 |
               +--------+--------+--------+--------+--------+-----+--------+

Top non-repeatable levels by time:
     D:4: 1637 daAuts
     D:1: 1221 daAuts
     D:2: 1085 daAuts
     D:3: 855 daAuts
     D:5: 331 daAuts
